 Dungeon Crawl Stone Soup version 0.28.0-53-g5a82cb258f (webtiles) character file.

Game seed: 11982824345052246473

489 Gabide the Ducker (level 7, -1/39 HPs)
             Began as a Tengu Monk on June 14, 2022.
             Was a Priest of Hepliaklqana.
             Killed from afar by Pikel (7 damage)
             ... with a puff of flame
             ... on level 4 of the Dungeon.
             The game lasted 00:04:13 (3081 turns).

Gabide the Ducker (Tengu Monk)                      Turns: 3081, Time: 00:04:14

Health: -1/39      AC:  5    Str: 11    XL:     7   Next: 14%
Magic:  8/8        EV: 18    Int: 10    God:    Hepliaklqana [***...]
Gold:   144        SH:  0    Dex: 25    Spells: 6/6 levels left

rFire   . . .      SeeInvis .   a - +0 spear
rCold   . . .      Faith    .   (no shield)
rNeg    . . .      Spirit   .   n - +0 ring mail
rPois   .          Reflect  .   (helmet restricted)
rElec   .          Harm     .   (no cloak)
rCorr   .          Rampage  .   (no gloves)
Will    .....                   (boots unavailable)
Stlth   ++........              (no amulet)
HPRegen 0.13/turn               j - +6 ring of dexterity
MPRegen 0.11/turn               (no ring)

@: flying quickly and evasively, quick
A: reduced essence, beak, talons 3, nimble flight
a: Renounce Religion, Recall Ancestor, Ancestor Identity, Transference


You were on level 4 of the Dungeon.
You worshipped Hepliaklqana.
Hepliaklqana was most pleased with you.
You visited 1 branch of the dungeon, and saw 4 of its levels.

You collected 144 gold pieces.

Inventory:

Hand Weapons
 a - a +0 spear (weapon)
Armour
 n - a +0 ring mail (worn)
Jewellery
 b - a ring of ice
 j - a +6 ring of dexterity (left hand)
 m - an amulet of faith
 s - a +6 ring of dexterity
Scrolls
 c - 3 scrolls of teleportation
 f - a scroll of identify {unknown}
 k - a scroll of immolation {unknown}
 l - a scroll of magic mapping {unknown}
 o - a scroll of vulnerability {unknown}
 p - a scroll of silence {unknown}
 q - a scroll of enchant weapon {unknown}
Potions
 d - a potion of heal wounds
 e - a potion of flight {unknown}
 g - a potion of curing {unknown}
 h - 2 potions of brilliance {unknown}
 i - a potion of magic {unknown}
 r - a potion of degeneration {unknown}


   Skills:
 + Level 4.6 Fighting
 + Level 5.1 Polearms
 * Level 6.5 Dodging
 - Level 2.0 Stealth


You had 6 spell levels left.
You didn't know any spells.
Your spell library was empty.

Dungeon Overview and Level Annotations

Branches:
Dungeon (4/15)
 Temple: D:4-7

Altars:
Hepliaklqana
Kikubaaqudgha
Okawaru

Annotations:
D:4 Pikel


Innate Abilities, Weirdness & Mutations

Your life essence is reduced to manifest your ancestor. (-10% HP)
You have a beak for a mouth.
You have claws for feet.
Your magical nature lets you fly swiftly and evasively.


Message History

You hit Pikel but do no damage. Your kick misses Pikel.
Pikel is almost dead.
You feel sick. The lemure misses you.
The ball python bites you but does no damage.
The ball python constricts you. The lemure hits you.
Pikel hits you with a +2 whip of freezing!
* * * LOW HITPOINT WARNING * * *
Pikel freezes you.
* * * LOW HITPOINT WARNING * * *
You feel much better.
You feel sick.
You are no longer poisoned.
The lemure closely misses you. The ball python completely misses you.
The ball python constricts you. The lemure hits you.
Pikel hits you with a +2 whip of freezing.
Pikel freezes you.
You hit Pikel. You claw Pikel.
Pikel is almost dead.
The lemure closely misses you. The ball python barely misses you.
The ball python constricts you. Pikel barely misses you. The lemure hits you.
You hit Pikel but do no damage. You claw Pikel.
Pikel is almost dead.
The ball python completely misses you. The ball python constricts you.
The lemure hits you.
You hit Pikel but do no damage. You peck Pikel, but do no damage.
Pikel is almost dead.
Pikel hits you with a +2 whip of freezing.
* * * LOW HITPOINT WARNING * * *
Pikel freezes you.
* * * LOW HITPOINT WARNING * * *
The lemure hits you.
* * * LOW HITPOINT WARNING * * *
The ball python misses you. The ball python constricts you.
* * * LOW HITPOINT WARNING * * *
The lemure hits you.
* * * LOW HITPOINT WARNING * * *
You escape the ball python's grasp.
The lemure closely misses you.
You see here a +0 club.
The lemure hits you but does no damage.
Found 16 gold pieces.
Pikel zaps a wand.
The puff of flame hits you!
You die...

.....#>..)..... ##
#...#..../...... ... #.
+...#...........#.. #.
###...#...)...........###.
.......)))..# #+#.....#...
#...KS)# #.#.....#...
#..555K#.###....##.#...
##......#........##.#...
..........@# #..†##.#...
................+...##.#...
.............$###...##R####
....####+#....###+##.......
.... #....##........... ...
#....##........... ^.
#....##...........
#.$..##...........
+...........


You could see Pikel, a kobold brigand, 3 lemures and a ball python.

Vanquished Creatures
  A black bear (D:4)
  A phantom (D:4)
  A lemure (D:4)
  Robin (D:4)
  5 gnolls
  An adder (D:2)
  A dart slug (D:2)
  4 orcs (D:3)
  6 endoplasms
  A giant cockroach (D:1)
  9 goblins
  5 hobgoblins
  A quokka (D:2)
  6 ball pythons
  8 bats
  3 kobolds
  3 rats
57 creatures vanquished.

Vanquished Creatures (collateral kills)
  A necrophage (D:4)
  2 orc wizards (D:3)
  2 gnolls (D:3)
  An adder (D:3)
  2 worms (D:3)
  8 orcs (D:3)
  An endoplasm (D:3)
  4 goblins
  A hobgoblin (D:4)
  A kobold (D:3)
  A quokka (D:3)
24 creatures vanquished.

Vanquished Creatures (others)
  A knight (D:4)
1 creature vanquished.

Grand Total: 82 creatures vanquished

Notes
Turn   | Place    | Note
-------+----------+-------------------------------------------
     0 | D:1      | Gabide the Tengu Monk began the quest for the Orb.
     0 | D:1      | Reached XP level 1. HP: 14/14 MP: 2/2
    69 | D:1      | Reached XP level 2. HP: 7/19 MP: 3/3
   607 | D:1      | Reached XP level 3. HP: 22/23 MP: 4/4
   626 | D:1      | Reached skill level 4 in Dodging
  1593 | D:2      | Reached XP level 4. HP: 15/28 MP: 5/5
  2185 | D:3      | Found a faded altar of an unknown god.
  2215 | D:3      | Prayed at the altar of an unknown god.
  2215 | D:3      | Became a worshipper of Hepliaklqana the Forgotten
  2215 | D:3      | Reached * piety under Hepliaklqana
  2215 | D:3      | Reached ** piety under Hepliaklqana
  2216 | D:3      | Remembered your ancestor Ku-aya as a knight
  2298 | D:3      | Gained mutation: Your magical nature lets you fly swiftly
                  | and evasively. [Tengu growth]
  2298 | D:3      | Reached XP level 5. HP: 29/29 MP: 6/6
  2329 | D:3      | Reached skill level 5 in Dodging
  2885 | D:3      | Found an iron altar of Okawaru.
  2885 | D:3      | Found an ancient bone altar of Kikubaaqudgha.
  2914 | D:4      | Reached *** piety under Hepliaklqana
  2916 | D:4      | Noticed a necrophage
  2928 | D:4      | Killed a necrophage
  2929 | D:4      | Reached XP level 6. HP: 34/34 MP: 4/7
  2983 | D:4      | Reached skill level 6 in Dodging
  3010 | D:4      | Noticed a black bear
  3019 | D:4      | Killed a black bear
  3020 | D:4      | Reached skill level 5 in Polearms
  3020 | D:4      | Reached XP level 7. HP: 39/39 MP: 8/8
  3035 | D:4      | Noticed Robin
  3052 | D:4      | Killed Robin
  3053 | D:4      | Noticed Pikel
  3081 | D:4      | Killed from afar by Pikel

Illustrated notes

Levels and vault maps discovered:
D:1:      tarquinn_simple_flora_water_e, layout_rooms
D:2:      layout_loops_cross
D:3:      layout_rooms, gammafunk_temple_overflow_elements,
          hellmonk_ecumenical_altar_pennies_from_heaven, minmay_misc_feat_x
D:4:      layout_basic, uniq_robin, uniq_natasha, uniq_pikel

Skill      XL: |  1  2  3  4  5  6 |
---------------+-------------------+-----
Dodging        | 4 5 6 |  6.5
Polearms       | 4 5 |  5.1
Fighting       | 4 |  4.6
Stealth        | |  2.0

Action                   |  1- 3 |  4- 6 |  7- 9 || total
-------------------------+-------+-------+-------++-------
Melee: Spear             |    83 |    64 |    41 ||   188
       Kick              |    17 |    12 |     8 ||    37
       Peck              |     6 |     6 |     5 ||    17
       Punch             |       |     1 |     1 ||     2
Invok: Ancestor Life: Kn |       |     1 |       ||     1
       Recall Ancestor   |       |     1 |     1 ||     2
       Ancestor Identity |       |       |     1 ||     1
  Use: Potion            |       |       |     2 ||     2
       Scroll            |       |       |     1 ||     1
 Stab: Sleeping          |     8 |       |       ||     8
       Distracted        |       |     3 |     2 ||     5
Armor: Robe              |     2 |       |       ||     2
       Ring mail         |     3 |     6 |    11 ||    20
       Leather armour    |     1 |       |       ||     1
Dodge: Dodged            |    28 |    23 |    40 ||    91
